AoeStats
← 情何以堪

Black Forest

508430615Analyzed
3v3 RM · 10d ago on Sep 22, 2026· 71m 6s· 6 players
Game mode
Random Map
Map size
Normal (6 player)
Population
200
Speed
Normal
Resources
Standard
Victory
Conquest
Starting age
Dark Age
Ending age
Imperial Age
RankedLock teamsTeams togetherTeam positionsShared explorationLock speedFull tech treeHidden civsTurbo modeCheats
Victory
Defeat
🇳🇱 Burgundians · Netherlands
904
+13
🇩🇪 Aztecs · Germany
850
+16
🇨🇳 Bohemians · China
822
+17
🇨🇳 Goths · China
861
-16
🇨🇳 Mongols · China
838
-15
🇨🇳 Celts · China
834
-23
S3r!ousLE3
0:28 Loom
13:43 Feudal Age
18:43 Castle Age
16:45 Double-Bit Axe
19:11 Town Watch
20:33 Bow Saw
21:05 Horse Collar
22:30 Heavy Plow
27:29 Wheelbarrow
34:28 Imperial Age
32:15 Hand Cart
32:01 Town Patrol
32:14 Fishing Lines
32:29 Fletching
32:49 Forging
32:13 Elite Skirmisher
32:14 Crossbowman
33:14 Bodkin Arrow
33:20 Padded Archer Armor
33:16 Eagle Warrior
33:57 Squires
33:42 Arson
36:16 Bracer
36:17 Scale Mail Armor
36:42 Ballistics
37:27 Chemistry
36:26 Gold Mining
36:26 Stone Mining
37:46 Iron Casting
37:28 Leather Archer Armor
37:07 Gambesons
36:51 Man-at-Arms
38:13 Chain Mail Armor
37:23 Pikeman
37:24 Elite Eagle Warrior
37:53 Capped Ram
38:03 Long Swordsman
39:58 Blast Furnace
39:29 Plate Mail Armor
38:45 Two-Handed Swordsman
39:44 Champion
42:28 Conscription
42:29 Garland Wars
42:56 Siege Engineers
42:27 Onager
43:45 Fervor
43:51 Block Printing
44:05 Illumination
44:01 Sanctity
43:35 Elite Jaguar Warrior
44:22 Guard Tower
46:58 Redemption
48:07 Caravan
48:48 Atlatl
48:48 Murder Holes
48:34 Treadmill Crane
52:07 Siege Onager
52:09 Siege Ram
MIG99
0:51 Loom
11:19 Feudal Age
12:04 Double-Bit Axe
12:25 Horse Collar
18:07 Castle Age
19:08 Heavy Plow
19:28 Bow Saw
19:34 Heavy Plow
22:47 Fervor
22:18 Man-at-Arms
24:16 Scale Mail Armor
24:06 Long Swordsman
25:52 Wheelbarrow
26:54 Arson
28:21 Fletching
28:42 Forging
32:35 Imperial Age
31:21 Bodkin Arrow
31:28 Town Watch
32:04 Squires
32:22 Chain Mail Armor
32:54 Ballistics
34:44 Two-Man Saw
33:17 Capped Ram
33:32 Two-Handed Swordsman
34:27 Pikeman
38:13 Chemistry
38:01 Plate Mail Armor
40:57 Iron Casting
39:49 Champion
41:22 Elite Skirmisher
43:18 Blast Furnace
42:18 Bracer
42:21 Padded Archer Armor
44:35 Siege Engineers
44:40 Masonry
45:29 Conscription
46:44 Caravan
47:32 Wagenburg Tactics
49:01 Architecture
48:12 Treadmill Crane
53:13 Leather Archer Armor
53:38 Houfnice
53:58 Halberdier
61:54 Ring Archer Armor
Jeurus2
7:57 Loom
8:24 Double-Bit Axe
11:50 Feudal Age
10:18 Horse Collar
12:44 Bow Saw
12:42 Heavy Plow
14:33 Wheelbarrow
18:06 Castle Age
19:50 Husbandry
19:11 Cavalier
19:54 Gold Mining
21:23 Hand Cart
24:22 Scale Barding Armor
24:28 Forging
25:29 Two-Man Saw
25:12 Crop Rotation
25:57 Stone Mining
26:42 Gold Shaft Mining
26:34 Chain Barding Armor
26:54 Iron Casting
27:38 Town Watch
31:48 Imperial Age
31:18 Stone Shaft Mining
31:09 Caravan
32:17 Two-Man Saw
31:27 Town Patrol
33:40 Chemistry
34:39 Paladin
37:20 Blast Furnace
36:56 Plate Barding Armor
36:59 Conscription
36:45 Burgundian Vineyards
37:56 Fletching
43:42 Bodkin Arrow
59:39 Guilds
Joshua
0:35 Loom
13:42 Feudal Age
14:29 Double-Bit Axe
17:42 Horse Collar
21:29 Castle Age
21:11 Gold Mining
21:13 Stone Mining
22:49 Bow Saw
22:42 Heavy Plow
30:18 Forging
31:51 Stone Shaft Mining
33:30 Wheelbarrow
32:42 Town Watch
33:52 Town Patrol
34:32 Caravan
35:54 Hand Cart
36:22 Iron Casting
39:05 Imperial Age
37:21 Anarchy
38:03 Pikeman
38:43 Squires
38:48 Scale Mail Armor
39:09 Halberdier
40:06 Chain Mail Armor
40:51 Blast Furnace
39:46 Man-at-Arms
41:08 Masonry
42:03 Chemistry
40:38 Long Swordsman
42:19 Architecture
41:12 Two-Handed Swordsman
42:48 Champion
46:52 Perfusion
47:16 Conscription
46:20 Elite Huskarl
47:45 Crop Rotation
48:17 Two-Man Saw
52:28 Elite Huskarl
猫猫儿W
13:59 Feudal Age
14:46 Double-Bit Axe
17:41 Castle Age
15:42 Horse Collar
16:32 Gold Mining
17:19 Stone Mining
18:52 Heavy Plow
19:03 Bow Saw
20:01 Wheelbarrow
23:47 Town Watch
23:51 Loom
24:58 Hand Cart
26:34 Town Patrol
28:35 Stone Shaft Mining
28:40 Gold Shaft Mining
28:58 Scale Barding Armor
29:01 Caravan
30:27 Forging
30:08 Fletching
31:52 Ballistics
34:21 Imperial Age
32:52 Bloodlines
32:42 Husbandry
32:04 Light Cavalry
33:40 Bodkin Arrow
35:09 Iron Casting
34:56 Chain Barding Armor
35:26 Conscription
35:29 Bracer
35:45 Nomads
36:06 Drill
38:01 Chemistry
36:52 Onager
37:17 Sappers
37:13 Elite Steppe Lancer
39:25 Blast Furnace
38:26 Padded Archer Armor
40:05 Siege Engineers
40:11 Masonry
39:26 Elite Mangudai
40:27 Siege Onager
40:30 Capped Ram
41:47 Hussar
43:07 Man-at-Arms
43:07 Pikeman
43:50 Squires
44:35 Scale Mail Armor
44:52 Leather Archer Armor
47:02 Chain Mail Armor
47:33 Hoardings
53:30 Siege Ram
情何以堪
12:27 Feudal Age
12:54 Double-Bit Axe
16:48 Horse Collar
20:24 Castle Age
18:43 Stone Mining
21:23 Bow Saw
23:00 Pikeman
24:02 Heavy Plow
25:28 Wheelbarrow
27:04 Scale Mail Armor
26:58 Fletching
27:48 Padded Archer Armor
27:34 Elite Skirmisher
28:14 Treadmill Crane
30:07 Bodkin Arrow
30:30 Gold Mining
32:11 Ballistics
33:52 Hand Cart
33:57 Gambesons
33:38 Light Cavalry
35:43 Forging
36:58 Gold Shaft Mining
40:05 Imperial Age
38:36 Scale Mail Armor
38:42 Scale Barding Armor
40:14 Halberdier
41:18 Chain Mail Armor
40:38 Capped Ram
42:33 Furor Celtica
42:45 Conscription
42:38 Furor Celtica
42:51 Husbandry
44:15 Stone Shaft Mining
43:59 Arson
43:54 Heavy Scorpion
45:05 Hussar
47:18 Elite Woad Raider
53:07 Guilds
63:12 Chain Barding Armor
Connection lost

Rejoining the realm…

Still unreachable

The connection could not be restored.

Session expired

The server has moved on; the page needs a fresh start.